 Dungeon Crawl Stone Soup version 0.31-a0-198-g2ad674f65e (webtiles) character file.

Game seed: 10091533517630346035

32 qw the Shooter (level 3, -1/20 HPs)
             Began as a Deep Elf Hunter on June 25, 2023.
             Slain by an orc priest
             ... wielding a +0 hand axe
              (2 damage)
             ... on level 2 of the Dungeon.
             The game lasted 00:00:26 (1414 turns).

qw the Shooter (Deep Elf Hunter)                    Turns: 1414, Time: 00:00:26

Health: -1/20      AC: 13    Str: 16    XL:     3   Next: 10%
Magic:  4/4        EV: 10    Int: 16    God:
Gold:   121        SH:  0    Dex: 18    Spells: 2/2 levels left

rFire   . . .        Y - +0 shortbow
rCold   . . .        (shield currently unavailable)
rNeg    . . .        e - +0 scale mail
rPois   .            (no helmet)
rElec   +            (no cloak)
rCorr   .            f - +0 pair of gloves of Egreclir {rElec Will- Str+6 Int+3}
SInv    .            (no boots)
Will    .....        g - amulet of faith
Stlth   +            a - +4 ring of protection
HPRegen 0.23/turn    (no ring)
MPRegen 0.09/turn

%: faith
@: no status effects
A: iridescent scales 1, low MP 1
a: no special abilities


You were on level 2 of the Dungeon.
You visited 1 branch of the dungeon, and saw 3 of its levels.

You collected 121 gold pieces.


Innate Abilities, Weirdness & Mutations

You are partially covered in iridescent scales. (AC +2)
Your magical capacity is low. (-10% MP)


   Skills:
 - Level 1.5 Fighting
 + Level 6.7 Ranged Weapons
 - Level 2.4 Dodging
 - Level 1.2 Stealth


You had 2 spell levels left.
You didn't know any spells.
Your spell library was empty.

Inventory:

Hand Weapons
 Y - a +0 shortbow (weapon)
Armour
 e - a +0 scale mail (worn)
 f - the +0 pair of gloves of Egreclir (worn) {rElec Will- Str+6 Int+3}
   (You found it on level 2 of the Dungeon)

   Str:       It affects your strength (+6).
   Int:       It affects your intelligence (+3).
   rElec:     It insulates you from electricity.
   Will:      It decreases your willpower.
Jewellery
 a - a +4 ring of protection (left hand)
 g - an amulet of faith (around neck)
Potions
 b - a potion of cancellation {unknown}
 h - a potion of curing {unknown}
 i - a potion of mutation

Dungeon Overview and Level Annotations

Branches:
Dungeon (3/15)

Altars:
Dithmenos


Message History

You feel extremely strange.
You feel less energetic.
Iridescent scales grow over part of your body.
Done exploring.
(D) Dungeon
Where to? (* - list waypoints, Enter - D:2, ? - help)
What level of the Dungeon? (default 1, ? - help)
There is a stone staircase leading down here.
You climb downwards.
The endoplasm quivers.
The orc shouts!
The orc priest shouts! x3
Found a scroll of identify and 3 gold pieces.
There is a stone staircase leading up here.
There are monsters nearby!
Waypoint 2 assigned to D:3.
You shoot an arrow.
The arrow hits the orc priest but does no damage.
The orc priest hits you with a +0 hand axe.
1407 ||| STAIRDANCE The orc priest mumbles some strange prayers to Beogh against you.
Beogh smites you!
Ouch! That really hurt!
The orc priest hits you but does no damage.
You climb upwards.
There is a stone staircase leading down here.
You shoot an arrow. The arrow barely misses the orc priest.
The orc priest closely misses you.
You shoot an arrow. The arrow barely misses the orc priest.
The orc priest barely misses you.
You shoot an arrow. The arrow barely misses the orc priest.
The orc priest misses you. The orc priest completely misses you.
You shoot an arrow.
The arrow hits the orc priest but does no damage.
The orc priest barely misses you.
You shoot an arrow. The arrow barely misses the orc priest.
The orc priest hits you with a +0 hand axe.
You shoot an arrow.
The arrow closely misses the orc priest.
The orc priest hits you but does no damage.
The orc priest hits you with a +0 hand axe.
You die...

#######.##..#####
#.#
#######.........#
##.##
##########.#.#..#
##...##
##########.#..#.##
#.....#
#...###.#####...####
###..#.............#
#.#..#######.###..
#.##.# #.# ###
#@##.# #.# #.o..#
#.# ###### ##.#####
#....... #.#####.
###.# #. #...# #.
#.#.# #. ###
#.#.#####.


You could see an orc priest.

Vanquished Creatures
  A dart slug (D:2)
  3 endoplasms
  A giant cockroach (D:2)
  4 goblins
  A hobgoblin (D:1)
  A kobold (D:2)
  A quokka (D:1)
  5 ball pythons
  6 bats
  3 frilled lizards
  2 rats (D:1)
28 creatures vanquished.

Notes
Turn   | Place    | Note
-------+----------+-------------------------------------------
     0 | D:1      | qw the Deep Elf Hunter began the quest for the Orb.
     0 | D:1      | Reached XP level 1. HP: 12/12 MP: 3/3
     0 | D:1      | 0 ||| qw: Version: 0.3-a-22-g0ed2b0b
     0 | D:1      | 0 ||| qw: Game counter: 5337
     0 | D:1      | 0 ||| qw: Melee chars always use a shield: true
     0 | D:1      | 0 ||| qw: God list: Okawaru
     0 | D:1      | 0 ||| qw: Allow faded altars: false
     0 | D:1      | 0 ||| qw: Do Orc after clearing Dungeon:15 true
     0 | D:1      | 0 ||| qw: Do second Lair branch before Depths: true
     0 | D:1      | 0 ||| qw: Lair rune preference: random
     0 | D:1      | 0 ||| qw: Goals: Normal
     0 | D:1      | 0 ||| PLANNING D:1-11
   203 | D:1      | Reached XP level 2. HP: 16/16 MP: 4/4
   239 | D:1      | Reached skill level 6 in Ranged Weapons
   575 | D:1      | 575 ||| UPGRADING to +0 scale mail.
   585 | D:1      | 585 ||| DROPPING +0 leather armour.
   586 | D:1      | 586 ||| READING scroll labelled ZOPAYD BEAZUI.
   589 | D:1      | 589 ||| READING 3 scrolls labelled NIPALEO IMPEATESM.
   590 | D:1      | 590 ||| READING scroll labelled UTZIROE JAIMM.
   591 | D:1      | 591 ||| DROPPING scroll of butterflies.
   592 | D:1      | 592 ||| DROPPING 2 scrolls of vulnerability.
   795 | D:2      | Identified the +0 pair of gloves of Egreclir {rElec Will-
                  | Str+6 Int+3}
  1043 | D:2      | Found a shadowy altar of Dithmenos.
  1070 | D:2      | Found a faded altar of an unknown god.
  1108 | D:2      | Reached XP level 3. HP: 20/20 MP: 5/5
  1377 | D:2      | 1377 ||| UPGRADING to +0 pair of gloves of Egreclir {rElec
                  | Will- Str+6 Int+3}.
  1382 | D:2      | 1382 ||| UPGRADING to amulet of faith.
  1387 | D:2      | 1387 ||| UPGRADING to +4 ring of protection.
  1388 | D:2      | 1388 ||| READING scroll labelled KEPTONAADIX.
  1389 | D:2      | 1389 ||| READING scroll labelled RUNUME GUIRIATT.
  1390 | D:2      | 1390 ||| DRINKING 2 brown potions.
  1390 | D:2      | Gained mutation: Your magical capacity is low. (-10% MP)
                  | [potion of mutation]
  1390 | D:2      | Gained mutation: You are partially covered in iridescent
                  | scales. (AC +2) [potion of mutation]
  1407 | D:3      | 1407 ||| STAIRDANCE
  1407 | D:3      | HP: 2/20 [orc priest/divine providence (13)]
  1413 | D:2      | HP: 1/20 [orc priest/+0 hand axe (3)]
  1414 | D:2      | Slain by an orc priest

Levels and vault maps discovered:
D:1:      minmay_arrival_radiant_lines, layout_loops_ring
D:2:      layout_loops_corners, basic_ecumenical_altar, basic_altar
D:3:      layout_rooms, amcnicky_altar_gilded, uniq_sigmund, uniq_grinder

Skill      XL: |  1  2 |
---------------+-------+-----
Ranged Weapons | 6 |  6.7
Fighting       | |  1.5
Dodging        | |  2.4
Stealth        | |  1.2

Action                     || total
---------------------------++-------
   Fire: Shortbow          ||    80
    Use: Scroll            ||     5
         Potion            ||     1
 Armour: Leather armour    ||     5
         Scale mail        ||    12
  Dodge: Dodged            ||    34

Table legend:
 A = Non-vault XP
 B = Vault XP
 C = Vault XP percentage of total XP
 D = Non-vault monster count
 E = Vault monster count
 F = Vault count percentage of total count
                 A         B        C        D         E       F
            +---------+---------+-------+---------+---------+-------
      Total |      47 |       0 |   0.0 |      28 |       0 |   0.0
            +---------+---------+-------+---------+---------+-------
        D:1 |      26 |       0 |   0.0 |      17 |       0 |   0.0
        D:2 |      21 |       0 |   0.0 |      11 |       0 |   0.0
            +---------+---------+-------+---------+---------+-------
